 Dungeon Crawl Stone Soup version 0.18.1-50-g88ac8fd (webtiles) character file.

599 Ponchio the Conjurer (level 7, -5/41 HPs)
             Began as a High Elf Conjurer on Oct 3, 2016.
             Slain by an ice beast (13 damage)
             ... on level 5 of the Dungeon.
             The game lasted 00:28:38 (4619 turns).

Ponchio the Conjurer (High Elf Conjurer)            Turns: 4619, Time: 00:28:39

Health: -5/41      AC:  7    Str: 13    XL:     7   Next: 17%
Magic:  2/17       EV:  9    Int: 21    God:
Gold:   154        SH:  0    Dex: 14    Spells: 2 memorised, 14 levels left

rFire  . . .     SeeInvis .     m - +0 scimitar
rCold  . . .     Gourm    .     a - +0 robe
rNeg   . . .     Faith    .     (no shield)
rPois  .         Spirit   .     (no helmet)
rElec  .         Dismiss  .     g - +0 cloak
rCorr  .         Reflect  .     r - +1 pair of gloves
SustAt .         Harm     .     (no boots)
MR     .....                    l - amulet of rage
Stlth  ++........               (no ring)
                                k - +4 ring of strength

@: very slightly contaminated, not resistant to hostile enchantments, unstealthy
A: thin metallic scales 1, clumsy 1, strong 1
a: Evoke Berserk Rage


You were on level 5 of the Dungeon.
You were hungry.

You visited 1 branch of the dungeon, and saw 5 of its levels.

You collected 154 gold pieces.

Inventory:

Hand Weapons
 d - a +2 dagger of holy wrath
 m - a +0 scimitar (weapon)
Armour
 a - a +0 robe (worn)
 g - a +0 cloak (worn)
 r - a +1 pair of gloves (worn)
 t - a +0 ring mail of poison resistance
Jewellery
 h - an uncursed amulet of guardian spirit
 k - a +4 ring of strength (left hand)
 l - an amulet of rage (around neck)
Scrolls
 e - a scroll of enchant weapon
 i - 2 scrolls of enchant armour
 u - a scroll of identify
Potions
 j - a potion of might
 n - a potion of resistance
 o - a potion of agility
 p - a potion of curing
 q - 2 potions of haste
 s - a potion of berserk rage
Books
 b - a book of Conjurations

   Spells                             Type                      Level
   a - Magic Dart                     Conjuration                  1
   b - Searing Ray                    Conjuration                  2
   c - Dazzling Spray                 Conjuration/Hexes            3
   d - Fulminant Prism                Conjuration/Hexes            4
   e - Iskenderun's Mystic Blast      Conjuration                  4
   f - Iskenderun's Battlesphere      Conjuration/Charms           5
Comestibles
 c - a bread ration
 f - a meat ration


   Skills:
 + Level 0.0 Fighting
 + Level 4.0 Dodging
 - Level 2.1 Stealth
 + Level 6.4 Spellcasting
 + Level 6.6 Conjurations


You had 14 spell levels left.
You knew the following spells:

 Your Spells              Type           Power        Failure   Level  Hunger
a - Magic Dart            Conj           ####         1%          1    None
b - Dazzling Spray        Conj/Hex       ###...       10%         3    #......


Dungeon Overview and Level Annotations

Branches:
Dungeon (5/15)
 Temple: D:4-7

Altars:
Ashenzari
Dithmenos
Fedhas
Nemelex Xobeh
Trog
Xom
Zin
The Shining One


Innate Abilities, Weirdness & Mutations

You are partially covered in thin metallic scales (AC +2).
You are clumsy. (Dex -2)
Your muscles are strong. (Str +2)


Message History

Confirm with . or Enter, or press ? or * to list all spells.
Aiming: Dazzling Spray
Press: ? - help, Shift-Dir - straight line, f/p - ice beast
Aim: an ice beast (lightly wounded)
The spray of energy hits the ice beast.
The ice beast is moderately wounded.
The ice beast is dazzled.
The ice beast misses you.
Casting: Dazzling Spray
Confirm with . or Enter, or press ? or * to list all spells.
Aiming: Dazzling Spray
Press: ? - help, Shift-Dir - straight line, f/p - ice beast
Aim: an ice beast (moderately wounded, blind)
The spray of energy hits the ice beast.
The ice beast is moderately wounded.
The ice beast is dazzled.
The ice beast hits you but does no damage.
The ice beast hits you.
* * * LOW HITPOINT WARNING * * *
The ice beast freezes you!
You die...

######
#...@#
#..Y.....#
#....#####
......#
..<......
.........
.........
.........#


You could see an ice beast (blind).

Vanquished Creatures
  Edmund (D:4)
  An ice beast (D:5)
  A howler monkey (D:5)
  A jelly (D:4)
  An orc wizard (D:3)
  An iguana (D:4)
  Natasha (thrice) (D:2)
  3 worker ants (D:4)
  A hound skeleton (D:4)
  A gnoll (D:1)
  2 adders
  3 worms
  3 dart slugs
  2 giant geckos
  5 orcs
  10 bats
  4 giant cockroaches
  5 goblins
  7 hobgoblins
  4 jackals (D:4)
  8 kobolds
  3 quokkas
  A ball python (D:2)
  3 giant newts
  6 rats
80 creatures vanquished.

Notes
Turn   | Place    | Note
--------------------------------------------------------------
     0 | D:1      | Ponchio the High Elf Conjurer began the quest for the Orb.
     0 | D:1      | Reached XP level 1. HP: 11/11 MP: 4/4
   337 | D:1      | Reached XP level 2. HP: 17/17 MP: 5/7
   825 | D:1      | Reached XP level 3. HP: 21/21 MP: 1/9
   994 | D:1      | Learned a level 3 spell: Dazzling Spray
  1021 | D:2      | Noticed Natasha
  1028 | D:2      | Killed Natasha
  1154 | D:2      | Reached XP level 4. HP: 27/27 MP: 8/11
  1304 | D:2      | Found a glowing silver altar of Zin.
  1305 | D:2      | Found a bloodstained altar of Trog.
  1305 | D:2      | Found a shadowy altar of Dithmenos.
  1305 | D:2      | Found a shimmering altar of Xom.
  1308 | D:2      | Found a sparkling altar of Nemelex Xobeh.
  1427 | D:2      | Noticed Natasha
  1431 | D:2      | Killed Natasha
  1487 | D:2      | Reached skill level 5 in Conjurations
  1498 | D:2      | Noticed Natasha
  1500 | D:2      | Killed Natasha
  1500 | D:2      | Reached skill level 5 in Spellcasting
  1629 | D:2      | Found a glowing golden altar of the Shining One.
  1743 | D:3      | Reached XP level 5. HP: 31/31 MP: 11/13
  1984 | D:3      | Found a shattered altar of Ashenzari.
  2392 | D:3      | Gained mutation: Your muscles are strong. (Str +2) [potion of mutation]
  2392 | D:3      | Gained mutation: You are partially covered in thin metallic scales (AC +2). [potion of mutation]
  2392 | D:3      | Gained mutation: You are clumsy. (Dex -2) [potion of mutation]
  2564 | D:4      | Noticed Edmund
  2592 | D:4      | Killed Edmund
  2592 | D:4      | Reached XP level 6. HP: 2/36 MP: 3/15
  3480 | D:4      | Found a blossoming altar of Fedhas.
  3759 | D:5      | Entered Level 5 of the Dungeon
  3948 | D:5      | Noticed an ice beast
  4237 | D:5      | Killed an ice beast
  4237 | D:5      | Reached XP level 7. HP: 16/41 MP: 2/17
  4619 | D:5      | Slain by an ice beast

Skill      XL: |  1  2  3  4  5  6 |
---------------+-------------------+-----
Spellcasting   | 3 4 5 6 |  6.4
Conjurations   | 5 6 |  6.6
Dodging        | 4 |  4.0
Stealth        | |  2.1

Action                   |  1- 3 |  4- 6 |  7- 9 || total
-------------------------+-------+-------+-------++-------
Melee: Dagger            |     1 |    38 |       ||    39
       Scimitar          |       |    12 |     1 ||    13
 Cast: Magic Dart        |    64 |    89 |     1 ||   154
       Dazzling Spray    |       |    34 |     8 ||    42
  Use: Scroll            |       |    10 |       ||    10
       Potion            |       |     3 |       ||     3
 Stab: Invisible         |       |     3 |       ||     3
       Sleeping          |       |       |     1 ||     1
  Eat: Chunk             |     1 |     5 |       ||     6
       Bread ration      |       |     1 |       ||     1
       Beef jerky        |       |     1 |       ||     1
Armor: Robe              |       |    28 |     4 ||    32
Dodge: Dodged            |     8 |    60 |     7 ||    75
